 Dungeon Crawl Stone Soup version 0.23.2-1-ga50397a (webtiles) character file.

Game seed: 1822056397471468388

306 Aske the Chopper (level 6, 0/53 HPs)
             Began as a Ghoul Monk on May 3, 2019.
             Slain by a gnoll
             ... wielding a +0 whip
              (5 damage)
             ... on level 5 of the Dungeon.
             The game lasted 00:04:11 (2225 turns).

Aske the Chopper (Ghoul Monk)                       Turns: 2225, Time: 00:04:11

Health: 0/53       AC: 11    Str: 13 (15) XL:     6   Next: 39%
Magic:  5/5        EV: 12    Int:  0 (5)  God:
Gold:   136        SH:  0    Dex: 14 (18) Spells: 5/5 levels left

rFire    . . .     SeeInvis .   a - +0 hand axe
rCold    + . .     Gourm    .   (no shield)
rNeg     + + +     Faith    .   e - +3 chain mail
rPois    ∞         Spirit   .   (no helmet)
rElec    .         Reflect  .   (no cloak)
rCorr    .         Harm     .   (no gloves)
MR       .....                  (no boots)
Stlth    ..........             (no amulet)
HPRegen  0.00/turn              (no ring)
MPRegen  0.09/turn              (no ring)

@: agile, rotting, slowed, lost intelligence, very slow
A: rotting body, claws 1, carnivore, cold resistance 1, negative energy
resistance 3, inhibited regeneration, torment resistance, unbreathing
a: no special abilities


You were on level 5 of the Dungeon.
You were not hungry.

You visited 1 branch of the dungeon, and saw 4 of its levels.

You collected 136 gold pieces.

Inventory:

Hand Weapons
 a - a +0 hand axe (weapon)
Armour
 e - a +3 chain mail (worn)
Jewellery
 l - an uncursed ring of ice {unknown}
Scrolls
 d - a scroll of amnesia {unknown}
 f - 2 scrolls of remove curse {unknown}
 h - a scroll of noise {unknown}
 k - 2 scrolls of enchant armour {unknown}
 n - a scroll of immolation {unknown}
 o - a scroll of teleportation {unknown}
 p - a scroll of magic mapping {unknown}
 q - 2 scrolls of identify {unknown}
Comestibles
 c - 6 rations


   Skills:
 + Level 4.4 Fighting
 + Level 4.9 Axes
 + Level 2.2 Armour
 + Level 3.2 Dodging
 - Level 2.1 Stealth


You had 5 spell levels left.
You didn't know any spells.
Your spell library was empty.

Dungeon Overview and Level Annotations

Branches:
Dungeon (3/15)

Altars:
Ru


Innate Abilities, Weirdness & Mutations

Your body is rotting away.
You thrive on raw meat.
You are immune to poison.
You have sharp fingernails.
You are carnivorous and can eat meat at any time.
Your flesh is cold resistant. (rC+)
You are immune to negative energy. (rN+++)
You do not regenerate when monsters are visible.
You are immune to unholy pain and torment.
You can survive without breathing.


Message History

You kill the gnoll!
You hit the gnoll. x2; The gnoll barely misses you.
The gnoll hits you with a +0 whip.
* * * LOW HITPOINT WARNING * * *
The orc throws a tomahawk.
The tomahawk barely misses you. The gnoll barely misses you. x2
You hit the gnoll but do no damage. You hit the gnoll. x2
The gnoll misses you. The gnoll hits you but does no damage.
The gnoll hits you.
* * * LOW HITPOINT WARNING * * *
The gnoll misses you. The orc hits you but does no damage.
You hit the gnoll.
The gnoll is lightly wounded.
You hit the orc. You hit the gnoll. You completely miss the gnoll.
The gnoll barely misses you. The gnoll completely misses you.
The gnoll closely misses you. The orc hits you with a +0 short sword.
* * * LOW HITPOINT WARNING * * *
The gnoll barely misses you. The gnoll closely misses you.
The gnoll hits you with a +0 whip.
You die...

....####.###..
...>.......... #..........#
...........#######
.................#
........(........####
.##'####'##..)..h##.##
.##.# #.##..).gg##..##
.##.# #.##...)o@....(##
.'..# #.#.....g.......##
.#######.#.................
.........#.#.......##......
.#########.#.......# ......
.# #.#.(.....# ..... ##
#.#.......# ..... #########
.... ....


You could see a hound, 3 gnolls and an orc.

Vanquished Creatures
  A scorpion (D:5)
  A howler monkey (D:5)
  A crimson imp (D:5)
  A hound (D:5)
  A worker ant (D:5)
  A hound skeleton (D:5)
  4 gnolls (D:5)
  2 adders
  A shadow imp (D:5)
  An ooze (D:3)
  A leopard gecko (D:2)
  3 giant cockroaches
  4 hobgoblins
  6 jackals (D:1)
  2 ball pythons (D:3)
  5 bats
  2 frilled lizards (D:1)
  5 goblins (D:1)
  10 kobolds
  A quokka skeleton (D:5)
  7 rats
60 creatures vanquished.

Notes
Turn   | Place    | Note
-------+----------+-------------------------------------------
     0 | D:1      | Aske the Ghoul Monk began the quest for the Orb.
     0 | D:1      | Reached XP level 1. HP: 19/19 MP: 0/0
   293 | D:1      | Reached XP level 2. HP: 25/26 MP: 1/1
   668 | D:1      | Reached XP level 3. HP: 33/33 MP: 2/2
  1086 | D:2      | You fall through a shaft!
  1667 | D:3      | Reached XP level 4. HP: 26/40 MP: 3/3
  1774 | D:3      | Found a sacrificial altar of Ru.
  1926 | D:3      | You fall through a shaft for 2 floors!
  1926 | D:5      | Entered Level 5 of the Dungeon
  1950 | D:5      | Reached skill level 1 in Armour
  2008 | D:5      | Reached XP level 5. HP: 13/46 MP: 4/4
  2097 | D:5      | Reached XP level 6. HP: 25/52 MP: 5/5
  2220 | D:5      | Lost intelligence.
  2225 | D:5      | Slain by a gnoll

Skill      XL: |  1  2  3  4  5 |
---------------+----------------+-----
Axes           | 3 4 |  4.9
Dodging        | 3 |  3.2
Fighting       | 4 |  4.4
Armour         | 1 2 |  2.2
Stealth        | |  2.1

Action                   |  1- 3 |  4- 6 || total
-------------------------+-------+-------++-------
Melee: Hand axe          |   159 |   185 ||   344
  Use: Potion            |       |     6 ||     6
 Stab: Invisible         |       |     1 ||     1
       Paralysed         |       |     1 ||     1
  Eat: Chunk             |     3 |    14 ||    17
Armor: Chain mail        |   107 |   141 ||   248
       Robe              |     5 |       ||     5
Dodge: Dodged            |    70 |    98 ||   168
